 Dungeon Crawl Stone Soup version 0.22-a0-512-g0943f25 (webtiles) character file.

25 inc the Ducker (level 2, -4/13 HPs)
             Began as a Felid Transmuter on June 18, 2018.
             Killed from afar by Natasha (9 damage)
             ... with a magic dart
             ... on level 2 of the Dungeon.
             The game lasted 00:01:51 (1166 turns).

inc the Ducker (Felid Transmuter)                   Turns: 1166, Time: 00:01:52

Health: -4/13      AC:  1    Str:  8    XL:     2   Next: 82%
Magic:  5/6        EV: 19    Int: 14    God:
Gold:   85         SH:  0    Dex: 16    Spells: 4/5 levels left
                                        Lives:  0   Deaths: 0

rFire    . . .     SeeInvis +     - Unarmed
rCold    . . .     Gourm    .   (shield unavailable)
rNeg     . . .     Faith    .   (armour unavailable)
rPois    .         Spirit   .   (helmet unavailable)
rElec    .         Reflect  .   (cloak unavailable)
rCorr    .         Harm     .   (gloves unavailable)
MR       .....                  (boots unavailable)
Stlth    ++........             (no amulet)
HPRegen  0.04/turn              h - +2 ring of strength
MPRegen  0.10/turn              (no ring)

@: very slightly contaminated, quick
A: very small, no armour, no weapons or thrown items, stealth, claws 1, fangs 3,
see invisible, carnivore, speed 1, shaggy fur 1, slow metabolism 1, sharp paws
a: no special abilities


You were on level 2 of the Dungeon.
You were not hungry.

You visited 1 branch of the dungeon, and saw 2 of its levels.

You collected 85 gold pieces.

Inventory:

Missiles
 a - 55 arrows
Jewellery
 h - a +2 ring of strength (left paw)
 i - an uncursed amulet of the gourmand
Scrolls
 b - a scroll of random uselessness {unknown}
 d - 2 scrolls of magic mapping {unknown}
 e - a scroll of teleportation {unknown}
 j - a scroll of identify {unknown}
Potions
 f - 2 potions of resistance {unknown}
 g - a potion of might {unknown}
Comestibles
 c - 3 rations


   Skills:
 - Level 2.3 Fighting
 + Level 3.4 Dodging
 - Level 3.0 Unarmed Combat
 - Level 2.0 Spellcasting
 - Level 2.1 Transmutations


You had 4 spell levels left.
You knew the following spells:

 Your Spells              Type           Power        Failure   Level  Hunger
a - Beastly Appendage     Tmut           #.....       10%         1    ##.....

Your spell library contained the following spells:

 Spells                   Type           Power        Failure   Level  Hunger
 Spider Form              Tmut/Pois      #.........   41%         3    ####...
 Blade Hands              Tmut           #.........   95%         5    ######.
 Ice Form                 Ice/Tmut       #.......     83%         4    #####..
 Sticks to Snakes         Tmut           #.......     14%         2    ###....


Dungeon Overview and Level Annotations

Branches:
Dungeon (2/15)

Altars:

Annotations:
D:2 Natasha, Robin


Innate Abilities, Weirdness & Mutations

You cannot wear armour.
You are incapable of wielding weapons or throwing items.
Your paws allow you to move quietly. (Stealth)
You have sharp claws.
You have razor-sharp teeth.
You have supernaturally acute eyesight. (SInv)
You are carnivorous and can eat meat at any time.
You cover ground quickly.
You are covered in fur. (AC +1)
You have a slow metabolism.
Your sharp claws are effective at attacking unaware monsters.


Message History

No target in view!
No target in view!
No target in view!
You now have 85 gold pieces (gained 14).
Found a stone staircase leading down.
Found a flail.
Natasha is nearby!
Casting: Beastly Appendage (safe; 10% risk of failure)
Confirm with . or Enter, or press ? or * to list all spells.
You miscast Beastly Appendage.
You are very lightly contaminated with residual magic.
Waves of light ripple over your body.
Natasha hisses angrily.
Natasha stares at you and mumbles some strange words.
The magic dart hits you!
Ouch! That really hurt!
Natasha stares at you and mumbles some strange words.
The magic dart hits you!
Ouch! That really hurt!
You die...

#.##.##.......###
#.............#
.#####.##.......#
................##
#.>.....##.#...##
##########.##.##
#.##.####
#.##....#..#
###@##<.......
#......##.#..#
#.###!.# #)
#h...h).. #
#$.##.##. ...# #
###.. ####


You could see Natasha.

Vanquished Creatures
  A dart slug (D:1)
  2 leopard geckos (D:1)
  4 bats
  3 goblins
  3 hobgoblins
  4 kobolds
  4 rats (D:1)
21 creatures vanquished.

Notes
Turn   | Place    | Note
-------+----------+-------------------------------------------
     0 | D:1      | inc the Felid Transmuter began the quest for the Orb.
     0 | D:1      | Reached XP level 1. HP: 9/9 MP: 4/4
   386 | D:1      | Reached XP level 2. HP: 13/13 MP: 6/6
   774 | D:2      | Noticed Robin
  1050 | D:2      | Noticed Natasha
  1166 | D:2      | Killed from afar by Natasha

Vault maps used:
D:1:      lightli_arrival_lavapool, minmay_tromino_i2
D:2:      first_ration, uniq_natasha, uniq_robin

Skill      XL: |  1  2 |
---------------+-------+-----
Fighting       | 2 |  2.3
Dodging        | 3 |  3.4
Unarmed Combat | |  3.0
Spellcasting   | |  2.0
Transmutations | |  2.1

Action                   || total
-------------------------++-------
Melee: Unarmed           ||    52
       Bite              ||     5
       Headbutt          ||     3
 Cast: Beastly Appendage ||     4
 Stab: Sleeping          ||     3
  Eat: Chunk             ||     1
Armor: Skin              ||     4
Dodge: Dodged            ||    54

Table legend:
 A = Spawn XP
 B = Non-spawn XP
 C = Spawn XP percentage of total XP
 D = Spawn monster count
 E = Non-spawn monster count
 F = Spawn count percentage of total count
 G = Total turns spent on level
                    A         B        C        D         E        F      G
               +---------+---------+-------+---------+---------+-------+---------
         Total |       0 |      36 |   0.0 |       0 |      21 |   0.0 |  1166
               +---------+---------+-------+---------+---------+-------+---------
           D:1 |       0 |      28 |   0.0 |       0 |      16 |   0.0 |  1021
           D:2 |       0 |       8 |   0.0 |       0 |       5 |   0.0 |   145
               +---------+---------+-------+---------+---------+-------+---------
